 Dungeon Crawl Stone Soup version 0.31-a0-1363-g282adc6 (webtiles) character file.

Game seed: 177258530645768124

529 blake the Chopper (level 7, -2/52 (60) HPs)
             Began as a Hill Orc Berserker on Dec 23, 2023.
             Was a Priest of Trog.
             Slain by a wight
             ... wielding a +4 trident
              (3 damage)
             ... on level 6 of the Dungeon.
             The game lasted 00:10:12 (3199 turns).

blake the Chopper (Hill Orc Berserker)              Turns: 3199, Time: 00:10:13

HP:   -2/52 (60)    AC:  6    Str: 22    XL:     7   Next: 23%
MP:   7/7           EV: 11    Int:  7    God:    Trog [***...]
Gold: 117           SH:  9    Dex: 10    Spells: 6/6 levels left

rFire   . . .        a - +1 hand axe
rCold   . . .        o - +1 kite shield
rNeg    . . .        b - +0 animal skin
rPois   +            (no helmet)
rElec   .            l - scarf {+Inv}
rCorr   .            (no gloves)
SInv    .            (no boots)
Will    .....        (no amulet)
Stlth   +            e - +4 ring of protection
HPRegen 0.28/turn    r - ring of poison resistance
MPRegen 0.10/turn

%: no passive effects
@: about to teleport, on berserk cooldown, slowed, heavily drained, very slow
A: no striking features
a: Renounce Religion, Evoke Invisibility, Berserk, Trog's Hand


You were on level 6 of the Dungeon.
You worshipped Trog.
Trog was most pleased with you.
You visited 1 branch of the dungeon, and saw 6 of its levels.

You collected 117 gold pieces.

Inventory:

Hand Weapons
 a - a +1 hand axe (weapon)
Armour
 b - a +0 animal skin (worn)
 l - a scarf of invisibility (worn)
 o - a +1 kite shield (worn)
Jewellery
 e - a +4 ring of protection (left hand)
 r - a ring of poison resistance (right hand)
 u - a ring of positive energy
Scrolls
 d - a scroll of poison {unknown}
 g - 2 scrolls of identify
 k - a scroll of enchant armour
Potions
 c - a potion of invisibility
 f - 3 potions of resistance {unknown}
 h - a potion of ambrosia {unknown}
 j - a potion of berserk rage {unknown}
 m - 2 potions of brilliance {unknown}
 n - 2 potions of attraction {unknown}
 p - 3 potions of curing {unknown}
 t - a potion of mutation {unknown}
 v - a potion of heal wounds {unknown}


   Skills:
 + Level 4.9 Fighting
 + Level 7.7 Axes
 + Level 2.2 Armour
 + Level 2.7 Dodging
 + Level 0.8 Stealth
 * Level 3.5 Shields


You had 6 spell levels left.
You didn't know any spells.
Your spell library was empty.

Dungeon Overview and Level Annotations

Branches:
Dungeon (6/15)             Temple (0/1) D:4

Altars:
Dithmenos
Gozag
Kikubaaqudgha
Nemelex Xobeh

Shops:
D:3 [   D:4 :

Annotations:
D:5 Dowan
D:6 Grinder


Message History

Okay, then.
As you read the scroll labelled YXI SODDAIQIS, it crumbles to dust.
It is a scroll of enchant armour.
Your +0 kite shield glows green for a moment.
Grinder barely misses you.
As you read the scroll labelled NOMOEJ FOMAEKU, it crumbles to dust.
It is a scroll of enchant weapon.
Your +0 hand axe glows red for a moment.
The wight barely misses you. You block Grinder's attack.
Grinder gestures at you.
You suddenly lose the ability to move!
Grinder hits you.
You writhe in agony.
The wight hits you from afar with a +4 spear.
You feel drained. The wight hits you with a +3 flail.
Grinder blinks!
The wight hits you from afar with a +4 spear!
You feel drained.
The wight hits you from afar with a +4 trident!
* * * LOW HITPOINT WARNING * * *
You feel drained. The black bear barely misses you. The black bear claws you.
* * * LOW HITPOINT WARNING * * *
The black bear claws you but does no damage.
You can move again.
As you read the scroll labelled XUOMIR NUPA, it crumbles to dust.
You hear a loud clanging noise!
It was a scroll of noise.
You hear a shout! x8
You block the wight's attack.
The wight hits you from afar with a +4 trident!
* * * LOW HITPOINT WARNING * * *
You feel drained.
* * * LOW HITPOINT WARNING * * *
You block the wight's attack.
The black bear bites you but does no damage.
The black bear closely misses you. You block the black bear's attack.
Grinder blinks!
As you read the scroll labelled HODIDEVUKA, it crumbles to dust.
You feel strangely unstable.
It was a scroll of teleportation.
You block the wight's attack.
The wight hits you from afar with a +4 trident.
You die...

#... .#. #
... .#
#.###.#
#...#.## #
#.!....#.#5
#..h.z....#
#..@.z..#
##..z....#
#.)..###.#
#)#### ...
#.#..# ..
#....####...
####.#.......
#..........#
#.........[#


You could see Grinder, a black bear and 3 wights.

Vanquished Creatures
  A phantom (D:6)
  2 wights (D:6)
  A hound (D:4)
  An orc priest (D:3)
  4 orc wizards
  5 adders
  4 gnolls (D:4)
  A worm (D:3)
  4 dart slugs
  13 orcs
  6 bats
  7 endoplasms
  3 giant cockroaches
  5 goblins
  3 hobgoblins
  9 quokkas
  4 ball pythons
  6 frilled lizards
  7 kobolds
  6 rats
92 creatures vanquished.

Vanquished Creatures (others)
  A kobold (D:1)
1 creature vanquished.

Grand Total: 93 creatures vanquished

Notes
Turn   | Place    | Note
-------+----------+-------------------------------------------
     0 | D:1      | blake the Hill Orc Berserker began the quest for the Orb.
     0 | D:1      | Reached XP level 1. HP: 19/19 MP: 1/1
   138 | D:1      | Reached XP level 2. HP: 27/27 MP: 2/2
   259 | D:1      | Found a faded altar of an unknown god.
   392 | D:1      | Reached XP level 3. HP: 31/33 MP: 3/3
   409 | D:1      | Reached ** piety under Trog
   479 | D:1      | Reached skill level 5 in Axes
   888 | D:2      | Reached XP level 4. HP: 41/41 MP: 4/4
  1079 | D:3      | Found Peofotz's Armour Boutique.
  1229 | D:3      | Reached skill level 6 in Axes
  1378 | D:3      | Reached XP level 5. HP: 31/47 MP: 5/5
  1702 | D:3      | Found a shadowy altar of Dithmenos.
  1702 | D:3      | Found an opulent altar of Gozag.
  1744 | D:3      | Reached skill level 1 in Shields
  1833 | D:3      | Reached *** piety under Trog
  2085 | D:4      | Reached XP level 6. HP: 40/53 MP: 6/6
  2137 | D:4      | Found a sparkling altar of Nemelex Xobeh.
  2329 | D:4      | Found a staircase to the Ecumenical Temple.
  2492 | D:4      | Found Fischa's Book Boutique.
  2848 | D:4      | Found an ancient bone altar of Kikubaaqudgha.
  2938 | D:4      | Reached skill level 7 in Axes
  3020 | D:5      | Entered Level 5 of the Dungeon
  3041 | D:5      | Noticed Dowan
  3183 | D:6      | Reached XP level 7. HP: 60/60 MP: 7/7
  3191 | D:6      | Noticed Grinder
  3194 | D:6      | Paralysed by Grinder for 4 turns
  3198 | D:6      | HP: 2/54 [wight/+4 trident (9)]
  3199 | D:6      | Slain by a wight

Illustrated notes

Levels and vault maps discovered:
D:1:      sevenhm_arrival_forest_fort_large_4, layout_rooms,
          shapermc_ecumenical_altar_rom_forum
D:2:      layout_basic, grunt_ministairs_1
D:3:      layout_rooms, gammafunk_temple_overflow_wave, serial_shops,
          nicolae_lakefront_shop
D:4:      layout_basic, nemelex_spade_bored_becter,
          mainiacjoe_overflow_cross_hatched, minmay_temple_entry_grid,
          serial_shops, shop
D:5:      layout_basic, grunt_tough_drop, uniq_pikel, uniq_ijyb, uniq_edmund,
          uniq_duvessa, uniq_blork_the_orc
D:6:      layout_basic, sigmund_army, uniq_prince_ribbit1, uniq_grinder,
          uniq_sigmund

Skill      XL: |  1  2  3  4  5  6 |
---------------+-------------------+-----
Fighting       | 4 |  4.9
Axes           | 5 6 7 |  7.7
Dodging        | 2 |  2.7
Shields        | 1 3 |  3.5
Armour         | |  2.2
Stealth        | |  0.8

Action                     |  1- 3 |  4- 6 |  7- 9 || total
---------------------------+-------+-------+-------++-------
  Melee: Hand axe          |    98 |   277 |     6 ||   381
 Invoke: Berserk           |       |     4 |       ||     4
    Use: Scroll            |       |     1 |     4 ||     5
   Stab: Sleeping          |     2 |     1 |       ||     3
 Armour: Animal skin       |    45 |   141 |    12 ||   198
  Dodge: Dodged            |    70 |    97 |     6 ||   173
  Block: Kite shield       |       |    74 |     5 ||    79

Table legend: (Time is in decaauts)
 A = Elapsed time spent in this place.
 B = Non-inter-level travel time spent in this place.
 C = Inter-level travel time spent in this place.
 D = Time resting spent in this place.
 E = Time spent auto-exploring this place.
 F = Levels seen in this place.
 G = Mean time per level.
                   A        B        C        D        E       F      G
               +--------+--------+--------+--------+--------+-----+--------+
         Total |   3253 |   3165 |     88 |      0 |   2371 |   6 |  542.2 |
       Dungeon |   3253 |   3165 |     88 |      0 |   2371 |   6 |  542.2 |
               +--------+--------+--------+--------+--------+-----+--------+

Top non-repeatable levels by time:
     D:4: 1129 daAuts
     D:3: 870 daAuts
     D:1: 729 daAuts
     D:2: 342 daAuts
     D:6: 154 daAuts
     D:5: 26 daAuts
